 Dungeon Crawl Stone Soup version 0.25.0-1-g7eea58d (webtiles) character file.

Game seed: 18388234382669640157

4884 rhysdieslots the Frost Mage (level 10, -7/63 HPs)
             Began as a Merfolk Ice Elementalist on June 16, 2020.
             Was a Believer of Sif Muna.
             Shot with an arrow by a centaur (15 damage)
             ... on level 10 of the Dungeon.
             The game lasted 00:49:43 (12379 turns).

rhysdieslots the Frost Mage (MfIE)                 Turns: 12379, Time: 00:49:44

Health: -7/63      AC:  4    Str:  8    XL:     10   Next: 50%
Magic:  15/29      EV: 13    Int: 25    God:    Sif Muna [**....]
Gold:   671        SH:  0    Dex: 14    Spells: 7/22 levels left

rFire    . . .     SeeInvis .   K - +1 trident (venom)
rCold    . . .     Gourm    .   (no shield)
rNeg     . . .     Faith    +   a - +1 robe
rPois    .         Spirit   .   (no helmet)
rElec    .         Reflect  .   H - +0 cloak
rCorr    .         Harm     .   (no gloves)
MR       .....                  (no boots)
Stlth    ++........             j - amulet of faith
HPRegen  0.20/turn              k - +6 ring of intelligence
MPRegen  0.21/turn              t - ring of magical power

@: frozen ramparts, very slightly contaminated
A: change form in water, swift swim, stealthy swim
a: Channel Magic, Renounce Religion


You were on level 10 of the Dungeon.
You worshipped Sif Muna.
Sif Muna was pleased with you.
You were hungry.

You visited 2 branches of the dungeon, and saw 11 of its levels.
You also visited: Sewer.

You collected 671 gold pieces.

Inventory:

Hand Weapons
 q - a +1 spear of venom
 A - the +11 short sword "Pategob" {protect, +Fly rF+++ rC- Int-2}
   (You found it on level 4 of the Dungeon)

   It grants its wielder temporary protection when it strikes (+7 to AC).
   It affects your intelligence (-2).
   It renders you almost immune to fire.
   It makes you vulnerable to cold.
   It lets you fly.
 K - a +1 trident of venom (weapon)
Armour
 a - a +1 robe (worn)
 H - a +0 cloak (worn)
Jewellery
 e - an uncursed ring of wizardry
 j - an amulet of faith (around neck)
 k - a +6 ring of intelligence (left hand)
 t - a ring of magical power (right hand)
 w - an uncursed ring of positive energy
 y - an uncursed ring of protection from fire
 z - an uncursed ring of protection from magic
 I - an uncursed ring of fire
Wands
 l - a wand of polymorph (3)
 r - a wand of acid (1)
 F - a wand of enslavement (9)
 G - a wand of disintegration (7)
 J - a wand of flame (25)
 O - a wand of paralysis (6)
Scrolls
 g - 4 scrolls of amnesia
 n - 5 scrolls of identify
 v - 5 scrolls of teleportation
 B - 2 scrolls of remove curse
 D - 2 scrolls of blinking
Potions
 b - 2 potions of mutation
 d - a potion of heal wounds
 f - 3 potions of haste
 h - 9 potions of curing
 i - 2 potions of lignification
 m - 2 potions of ambrosia
 o - 4 potions of might
 p - a potion of brilliance
 s - 3 potions of flight
 u - 3 potions of stabbing
 x - 2 potions of magic
 C - a potion of berserk rage
 E - a potion of degeneration
 M - a potion of invisibility {unknown}
 N - a potion of experience {unknown}
Comestibles
 c - 16 rations


   Skills:
 - Level 0.2 Short Blades
 - Level 2.7 Dodging
 - Level 3.6 Stealth
 + Level 6.9 Spellcasting
 * Level 5.3 Conjurations
 - Level 2.1 Charms
 - Level 4.0 Summonings
 * Level 11.8 Ice Magic


You had 7 spell levels left.
You knew the following spells:

 Your Spells              Type           Power        Failure   Level  Hunger
a - Freeze                Ice            ####         1%          1    None
b - Frozen Ramparts       Ice            ######       1%          3    None
c - Ozocubu's Armour      Chrm/Ice       #####...     1%          3    None
d - Summon Ice Beast      Ice/Summ       #####...     2%          4    ###....
e - Hailstorm             Conj/Ice       ######..     1%          4    ###....

Your spell library contained the following spells:

 Spells                   Type           Power        Failure   Level  Hunger
 Ensorcelled Hibernation  Hex/Ice        #####.       1%          2    None
 Ice Form                 Ice/Tmut       #####...     6%          4    ###....
 Corona                   Hex            #......      7%          1    None
 Dazzling Flash           Conj/Hex       ###...       7%          3    None
 Ozocubu's Refrigeration  Ice            ######....   9%          6    ######.
 Metabolic Englaciation   Hex/Ice        #####.....   17%         5    #####..
 Confusing Touch          Hex            #.......     21%         3    None
 Tukima's Dance           Hex            #.......     21%         3    None
 Simulacrum               Ice/Necr       #####.....   67%         6    ######.
 Freezing Cloud           Conj/Ice/Air   #####.....   69%         6    ######.


Dungeon Overview and Level Annotations

Branches:
Dungeon (10/15)            Temple (1/1) D:5            Lair (0/6) D:9
  Sewer (visited)
    Orc: D:9-12

Altars:
Ashenzari
Cheibriados
Fedhas
Gozag
Hepliaklqana
Kikubaaqudgha
Makhleb
Nemelex Xobeh
Okawaru
Qazlal
Ru
Sif Muna
Trog
Uskayaw
Vehumet
Wu Jian
Xom
Yredelemnul
Zin
The Shining One

Shops:
D:6 [   D:8 ?

Annotations:
D:5 exclusion: statue


Message History

The phantom blinks!
You see here 2 arrows.
You feel much better.
The centaur shoots an arrow.
The arrow hits you! The arrow freezes you.
* * * LOW HITPOINT WARNING * * *
Your ice beast hits the phantom.
Your ice beast freezes the phantom.
The phantom resists.
The phantom hits you.
* * * LOW HITPOINT WARNING * * *
The phantom blinks!
Evoke which item? (* to show all) (? for menu, Esc to quit)
Aiming: Disintegrate
Press: ? - help, Shift-Dir - straight line, f - centaur
Aim: a centaur, wielding a +2 shortbow of freezing and quivering 5 arrows (chance to defeat MR: 65%)
The centaur struggles to resist.
The centaur shoots an arrow.
The arrow hits you.
* * * LOW HITPOINT WARNING * * *
The arrow freezes you.
* * * LOW HITPOINT WARNING * * *
The centaur shoots an arrow.
The arrow hits you!
You die...

#####. ...... ......#
....... #.....### ....
...#.....(.###....
#..........#..c...
#.......ยง@Y#..W...
#........Y.W......
#.........Yc.(....
#.#####..#....#.........
.........###....<....#.
. #.....##...(....!# .
#.........(......... #.
#.......>........##.
#.####...............##


You could see a phantom, a centaur and 3 friendly ice beasts.

Vanquished Creatures
  A kobold demonologist (D:9)
  The ghost of joelelo the Slasher, an amateur DrSk of Ashenzari (D:4)
  A hippogriff (D:8)
  A hungry ghost (D:7)
  A soldier ant (D:10)
  Edmund (D:6)
  2 orc warriors
  A black bear (D:7)
  2 ice beasts
  A sky beast (D:7)
  3 ogres
  3 centaurs
  3 big kobolds
  2 bullfrogs (D:9)
  4 scorpions
  A wight (D:6)
  2 crimson imps
  2 bullfrog zombies
  2 centaur zombies
  3 hounds
  3 jellies
  7 orc wizards
  2 iguanas
  Jessica (D:2)
  Terence (D:3)
  11 worker ants
  A hound skeleton (D:6)
  11 adders
  5 gnolls
  5 river rats (Sewer)
  5 shadow imps
  An ooze (D:3)
  2 adder zombies
  3 adder skeletons
  A worm (D:5)
  3 dart slugs
  6 leopard geckos
  12 orcs
  6 ball pythons
  10 giant cockroaches
  9 goblins
  9 hobgoblins
  15 jackals
  8 quokkas
  8 bats
  13 frilled lizards
  13 kobolds
  A leopard gecko skeleton (D:4)
  A quokka skeleton (D:3)
  21 rats
231 creatures vanquished.

Vanquished Creatures (collateral kills)
  2 two-headed ogres (D:9)
  A hippogriff (D:9)
  A phantom (D:7)
  An ogre (D:9)
  A centaur (D:9)
  A bullfrog zombie (D:9)
  A howler monkey skeleton (D:9)
  A gnoll (D:4)
9 creatures vanquished.

Vanquished Creatures (others)
  2 plants (D:8)
  A withered plant (D:4)
3 creatures vanquished.

Grand Total: 243 creatures vanquished

Notes
Turn   | Place    | Note
-------+----------+-------------------------------------------
     0 | D:1      | rhysdieslots the Merfolk Ice Elementalist began the quest
                  | for the Orb.
     0 | D:1      | Reached XP level 1. HP: 13/13 MP: 3/3
   253 | D:1      | Reached XP level 2. HP: 14/19 MP: 1/5
  1339 | D:2      | Reached skill level 5 in Ice Magic
  1339 | D:2      | Reached XP level 3. HP: 24/24 MP: 3/6
  1344 | D:2      | Learned a level 3 spell: Frozen Ramparts
  1406 | D:2      | Noticed Jessica
  1410 | D:2      | Killed Jessica
  1410 | D:2      | Reached XP level 4. HP: 30/30 MP: 3/7
  2819 | D:3      | You fall into a shaft and drop 3 floors!
  2832 | D:6      | Reached XP level 5. HP: 35/35 MP: 9/9
  3061 | D:7      | Reached skill level 6 in Ice Magic
  3070 | D:7      | Learned a level 3 spell: Ozocubu's Armour
  3252 | D:6      | Reached XP level 6. HP: 31/41 MP: 10/10
  3258 | D:6      | Learned a level 4 spell: Summon Ice Beast
  3311 | D:6      | Found Omakhlog's Antique Armour Emporium.
  3327 | D:5      | Entered Level 5 of the Dungeon
  3334 | D:5      | Reached skill level 1 in Charms
  3369 | D:5      | Found a glowing drain.
  3378 | Sewer    | Entered a sewer
  4145 | D:5      | Reached skill level 7 in Ice Magic
  4145 | D:5      | Reached XP level 7. HP: 46/46 MP: 12/12
  4276 | D:5      | Reached skill level 1 in Summonings
  4663 | D:5      | Found a staircase to the Ecumenical Temple.
  4674 | Temple   | Entered the Ecumenical Temple
  4736 | Temple   | Became a worshipper of Sif Muna the Loreminder
  4967 | D:5      | Found a radiant altar of Vehumet.
  6047 | D:4      | Found a runed translucent door.
  6122 | D:4      | Found a basalt altar of Yredelemnul.
  6217 | D:4      | Reached skill level 8 in Ice Magic
  6244 | D:4      | Got a bloodstained short sword
  6245 | D:4      | Identified the +11 short sword "Pategob" {protect, +Fly
                  | rF+++ rC- Int-2} (You found it on level 4 of the Dungeon)
  6487 | D:4      | Noticed joelelo's ghost (amateur DrSk)
  6873 | D:3      | Noticed Terence
  6878 | D:3      | Killed Terence
  7007 | D:3      | Reached * piety under Sif Muna
  7178 | D:4      | Killed joelelo's ghost
  7178 | D:4      | Reached XP level 8. HP: 41/52 MP: 12/14
  7323 | D:6      | Learned a level 4 spell: Hailstorm
  7724 | D:6      | Noticed Edmund
  7735 | D:6      | Killed Edmund
  7735 | D:6      | Reached skill level 9 in Ice Magic
  7735 | D:6      | Reached skill level 5 in Spellcasting
  8539 | D:7      | Reached XP level 9. HP: 55/57 MP: 17/17
  8547 | D:7      | Reached skill level 1 in Conjurations
  8665 | D:7      | Reached skill level 10 in Ice Magic
  8672 | D:7      | Reached ** piety under Sif Muna
  9239 | D:8      | Found Xoarih's Magic Scroll Emporium.
  9421 | D:8      | Found a blossoming altar of Fedhas.
  9876 | D:8      | Reached *** piety under Sif Muna
 10248 | D:9      | Found a hazy altar of Hepliaklqana.
 10507 | D:9      | Reached skill level 11 in Ice Magic
 10606 | D:9      | Reached XP level 10. HP: 36/63 MP: 19/19
 10884 | D:9      | Noticed a kobold demonologist
 10899 | D:9      | Killed a kobold demonologist
 11207 | D:9      | Noticed a two-headed ogre
 11232 | D:9      | Killed a two-headed ogre
 11324 | D:9      | Got a distressingly furry chain mail
 11335 | D:9      | Identified the +1 chain mail "Oney" {Harm rElec rPois
                  | Int-2} (You found it on level 9 of the Dungeon)
 11589 | D:9      | Found a staircase to the Lair.
 11756 | D:9      | Noticed a two-headed ogre
 11758 | D:9      | Reached skill level 5 in Conjurations
 11766 | D:9      | Killed a two-headed ogre
 12124 | D:9      | You fall into a shaft and drop 1 floor!
 12124 | D:10     | Entered Level 10 of the Dungeon
 12162 | D:9      | Found an ornate altar of the Wu Jian Council.
 12324 | D:9      | Found an iron altar of Okawaru.
 12326 | D:9      | Found a snail-covered altar of Cheibriados.
 12379 | D:10     | Shot with an arrow by a centaur

Illustrated notes

Levels and vault maps discovered:
D:1:      lemuel_arrival_room, layout_basic, serial_bayou_crossing
D:2:      layout_loops_ring, kennysheep_jessica_study
D:3:      layout_basic, serial_rivers, chequers_serial_rivers_small_3,
          chequers_serial_rivers_micro_c, chequers_serial_rivers_marsh,
          chequers_serial_rivers_small_b, chequers_serial_rivers_small_3,
          chequers_serial_rivers_small_3, uniq_terence
D:4:      layout_loops_ring, yredelemnul_altar_generic, gammafunk_ghost_grave,
          first_ration
D:5:      layout_rooms, vehumet_statue, minmay_temple_entry_waves,
          gup_sewer_entry_pipe, solitary_fountain, kennysheep_dice
D:6:      layout_rooms, serial_shops, shop, nzn_random_ring, uniq_edmund
D:7:      layout_basic
D:8:      layout_basic, fedhas_altar_decomposition, serial_shops,
          nicolae_shop_waterfront, st_stairs_7
D:9:      hangedman_cross_cluster, layout_loops_corners, old_standard_altar,
          kennysheep_mini_moat, nicolae_overflow_hidden_temple,
          blue_anna_alchemist [blue_anna_fruit_fields, blue_anna_fruit_fields]
D:10:     minmay_the_grid_3x2 [minmay_the_grid_minigrid_medium,
          minmay_the_grid_aliased_spiral, minmay_the_grid_spin_star,
          minmay_the_grid_minigrid_small, minmay_the_grid_plusring,
          minmay_the_grid_prize_big_room], layout_cave_pools, erik_orc_1
Temple:   regret_index_temple_waves

Skill      XL: |  1  2  3  4  5  6  7  8  9 10 |
---------------+-------------------------------+-----
Ice Magic      | 5 6 7 8 9 11 | 11.8
Stealth        | 3 |  3.6
Spellcasting   | 3 4 5 6 |  6.9
Charms         | 2 |  2.1
Summonings     | 2 4 |  4.0
Conjurations   | 4 5 |  5.3
Short Blades   | |  0.2
Dodging        | |  2.7

Action                   |  1- 3 |  4- 6 |  7- 9 | 10-12 || total
-------------------------+-------+-------+-------+-------++-------
Melee: Short sword       |    42 |   143 |    60 |       ||   245
       Unarmed           |     1 |       |       |       ||     1
       Tailslap          |       |     5 |       |       ||     5
       Spear             |       |       |   201 |    13 ||   214
       Trident           |       |       |       |    59 ||    59
 Cast: Freeze            |    14 |    25 |    33 |       ||    72
       Frozen Ramparts   |       |    15 |    36 |     5 ||    56
       Ozocubu's Armour  |       |     1 |    10 |     1 ||    12
       Summon Ice Beast  |       |       |    10 |    17 ||    27
Evoke: Wand              |       |     1 |     8 |     1 ||    10
  Use: Scroll            |       |     2 |    18 |     1 ||    21
       Potion            |       |     1 |     6 |     1 ||     8
 Stab: Sleeping          |     3 |     8 |    15 |     3 ||    29
       Distracted        |       |       |     1 |       ||     1
  Eat: Chunk             |     2 |     6 |    11 |     5 ||    24
       Ration            |       |     1 |     5 |       ||     6
Armor: Robe              |    11 |    27 |    46 |    12 ||    96
Dodge: Dodged            |    52 |   137 |   172 |    54 ||   415
